| TOP OF THE 1ST |
|
Texas Rangers batting - Pitching for Cleveland Indians : RHP Mike Wilson
|
|
Pitching: RHP Mike Wilson
|
|
|
Batting: RHB Rich Stinson
|
0-0: Ball 1-0: Ball 2-0: Swinging Strike 2-1: Called Strike 2-2: Fly out, F7 (Flyball, 7LD, EV 98.8 MPH)
|
|
Batting: RHB David Casas
|
0-0: Called Strike 0-1: Ball 1-1: Ball 2-1: Ball 3-1: Called Strike 3-2: Foul Ball, location: 2F 3-2: Foul Ball, location: 2F 3-2: DOUBLE (Flyball, 8LXD, EV 95.6 MPH)
|
|
Batting: LHB Da Vo
|
0-0: Foul Ball, location: 2F 0-1: Foul Ball, location: 2F 0-2: Ball 1-2: Ball 2-2: Foul Ball, location: 2F 2-2: Fly out, F5 (Popup, 56S, EV 85.6 MPH)
|
|
Batting: LHB Cody Schumacher
|
0-0: Called Strike 0-1: Called Strike 0-2: Foul Ball, location: 2F 0-2: Ball 1-2: Ground out 4-3 (Groundball, 4S, EV 87.5 MPH)
|
| Top of the 1st over - 0 runs, 1 hit, 0 errors, 1 left on base; Texas 0 - Cleveland 0 |
| BOTTOM OF THE 1ST |
|
Cleveland Indians batting - Pitching for Texas Rangers : RHP Kelly Goosecock
|
|
Pitching: RHP Kelly Goosecock
|
|
|
Batting: RHB Drtian Thaqi
|
0-0: Swinging Strike 0-1: Foul Ball, location: 2F 0-2: Ball 1-2: Foul Ball, location: 2F 1-2: SINGLE (Popup, 3D, EV 71.9 MPH)
|
|
Batting: LHB Kyle Schaible
|
0-0: Bunted foul 0-1: Sac Bunt to 15S - play at first, batter OUT! 1-4 Drtian Thaqi to second
|
|
Batting: SHB Moe Lester
|
0-0: Ball 1-0: Foul Ball, location: 2F 1-1: Swinging Strike 1-2: Strikes out looking
|
|
Batting: LHB Arvin Dungca
|
0-0: Ground out U3 (Groundball, 3L, EV 84.4 MPH)
|
| Bottom of the 1st over - 0 runs, 1 hit, 0 errors, 1 left on base; Texas 0 - Cleveland 0 |
| TOP OF THE 2ND |
|
Texas Rangers batting - Pitching for Cleveland Indians : RHP Mike Wilson
|
|
Batting: LHB Johan de Vries
|
0-0: Ball 1-0: Foul Ball, location: 2F 1-1: Swinging Strike 1-2: Foul Ball, location: 2F 1-2: Ball 2-2: Strikes out looking
|
|
Batting: SHB Vince Ealy
|
0-0: Called Strike 0-1: Ground out 5-3 (Groundball, 5, EV 103.8 MPH)
|
|
Batting: RHB Edwin Madrid
|
0-0: Called Strike 0-1: Ground out 6-3 (Groundball, 6, EV 110.6 MPH)
|
| Top of the 2nd over - 0 runs, 0 hits, 0 errors, 0 left on base; Texas 0 - Cleveland 0 |
| BOTTOM OF THE 2ND |
|
Cleveland Indians batting - Pitching for Texas Rangers : RHP Kelly Goosecock
|
|
Batting: SHB Dan Hill
|
0-0: Called Strike 0-1: Ball 1-1: Called Strike 1-2: SINGLE (Groundball, 4D, EV 101.9 MPH)
|
|
Batting: LHB Hector Pedroso
|
0-0: Called Strike 0-1: Swinging Strike 0-2: Ball 1-2: Ball 2-2: Strikes out swinging
|
|
Batting: RHB Paul Word
|
0-0: Ball 1-0: Ball 2-0: Swinging Strike 2-1: Foul Ball, location: 2F 2-2: Ball 3-2: Foul Ball, location: 2F 3-2: Strikes out looking Dan Hill is caught stealing 2nd base 2-4 Batter strikes out.
|
| Bottom of the 2nd over - 0 runs, 1 hit, 0 errors, 0 left on base; Texas 0 - Cleveland 0 |
| TOP OF THE 3RD |
|
Texas Rangers batting - Pitching for Cleveland Indians : RHP Mike Wilson
|
|
Batting: RHB Casey Semenza
|
0-0: Ball 1-0: Ground out 5-3 (Groundball, 56S, EV 63.1 MPH)
|
|
Batting: RHB Alex Sandoval
|
0-0: Foul Ball, location: 2F 0-1: Foul Ball, location: 2F 0-2: Foul Ball, location: 2F 0-2: Ball 1-2: SINGLE (Line Drive, 6M, EV 106.3 MPH)
|
|
Batting: RHB Rich Stinson
|
0-0: Ball 1-0: SINGLE (Groundball, 56D, EV 103.8 MPH) Alex Sandoval to second
|
|
Batting: RHB David Casas
|
0-0: Ball 1-0: Called Strike 1-1: Reached on error, E4 (Groundball, 4M, EV 77.5 MPH) Alex Sandoval to third Rich Stinson to second
|
|
Batting: LHB Da Vo
|
0-0: Called Strike 0-1: GRAND SLAM HOME RUN (Flyball, 9D, EV 99.4 MPH), Distance : 385 ft
|
|
Batting: LHB Cody Schumacher
|
0-0: Ball 1-0: Ball 2-0: Called Strike 2-1: Ground out 4-3 (Groundball, 4, EV 103.8 MPH)
|
|
Batting: LHB Johan de Vries
|
0-0: Foul Ball, location: 2F 0-1: Ball 1-1: Ball 2-1: Fly out, F8 (Flyball, 8RM, EV 95.6 MPH)
|
| Top of the 3rd over - 4 runs, 3 hits, 1 error, 0 left on base; Texas 4 - Cleveland 0 |
| BOTTOM OF THE 3RD |
|
Cleveland Indians batting - Pitching for Texas Rangers : RHP Kelly Goosecock
|
|
Batting: RHB Chad Manning
|
0-0: Ball 1-0: Ball 2-0: Ball 3-0: Called Strike 3-1: Called Strike 3-2: Foul Ball, location: 2F 3-2: Foul Ball, location: 2F 3-2: Strikes out swinging
|
|
Batting: RHB Justin Ganey
|
0-0: Called Strike 0-1: Foul Ball, location: 2F 0-2: Ball 1-2: Strikes out swinging
|
|
Batting: RHB Drtian Thaqi
|
0-0: Called Strike 0-1: Ball 1-1: Called Strike 1-2: Strikes out swinging
|
| Bottom of the 3rd over - 0 runs, 0 hits, 0 errors, 0 left on base; Texas 4 - Cleveland 0 |
| TOP OF THE 4TH |
|
Texas Rangers batting - Pitching for Cleveland Indians : RHP Mike Wilson
|
|
Batting: SHB Vince Ealy
|
0-0: Ball 1-0: Foul Ball, location: 2F 1-1: Ground out 4-3 (Groundball, 4, EV 85.0 MPH)
|
|
Batting: RHB Edwin Madrid
|
0-0: Ball 1-0: Ball 2-0: Swinging Strike 2-1: Swinging Strike 2-2: Ground out 6-3 (Groundball, 56, EV 81.9 MPH)
|
|
Batting: RHB Casey Semenza
|
0-0: Ball 1-0: Foul Ball, location: 2F 1-1: Ground out 6-3 (Groundball, 6, EV 85.6 MPH)
|
| Top of the 4th over - 0 runs, 0 hits, 0 errors, 0 left on base; Texas 4 - Cleveland 0 |
| BOTTOM OF THE 4TH |
|
Cleveland Indians batting - Pitching for Texas Rangers : RHP Kelly Goosecock
|
|
Batting: LHB Kyle Schaible
|
0-0: Ball 1-0: Called Strike 1-1: Ball 2-1: Foul Ball, location: 2F 2-2: Foul Ball, location: 2F 2-2: Ball 3-2: Strikes out swinging
|
|
Batting: SHB Moe Lester
|
0-0: Ball 1-0: Foul Ball, location: 2F 1-1: Ball 2-1: Foul Ball, location: 2F 2-2: Fly out, F8 (Line Drive, 8RM, EV 90.0 MPH)
|
|
Batting: LHB Arvin Dungca
|
0-0: Ball 1-0: Ball 2-0: Foul Ball, location: 2F 2-1: Fly out, F5 (Popup, 56S, EV 85.0 MPH)
|
| Bottom of the 4th over - 0 runs, 0 hits, 0 errors, 0 left on base; Texas 4 - Cleveland 0 |
| TOP OF THE 5TH |
|
Texas Rangers batting - Pitching for Cleveland Indians : RHP Mike Wilson
|
|
Batting: RHB Alex Sandoval
|
0-0: Ball 1-0: Foul Ball, location: 2F 1-1: Fly out, F4 (Flyball, 34D, EV 78.8 MPH)
|
|
Batting: RHB Rich Stinson
|
0-0: Ball 1-0: Ball 2-0: Called Strike 2-1: Foul Ball, location: 2F 2-2: Ball 3-2: Base on Balls
|
|
Batting: RHB David Casas
|
0-0: Ball Pickoff Throw to First - Error! E1 Rich Stinson to second 1-0: Called Strike 1-1: Foul Ball, location: 2F 1-2: Foul Ball, location: 2F 1-2: Ball 2-2: Ground out 1-3 (Groundball, 13S, EV 69.4 MPH) Rich Stinson to third
|
|
Batting: LHB Da Vo
|
0-0: Ball 1-0: 2-RUN HOME RUN (Flyball, 89XD, EV 98.8 MPH), Distance : 399 ft
|
|
Pitching: RHP Chris McCown
|
|
|
Batting: LHB Cody Schumacher
|
0-0: Ball 1-0: Ball 2-0: Foul Ball, location: 2F 2-1: Ground out 4-3 (Groundball, 4MS, EV 93.1 MPH)
|
| Top of the 5th over - 2 runs, 1 hit, 1 error, 0 left on base; Texas 6 - Cleveland 0 |
| BOTTOM OF THE 5TH |
|
Cleveland Indians batting - Pitching for Texas Rangers : RHP Kelly Goosecock
|
|
Batting: SHB Dan Hill
|
0-0: SOLO HOME RUN (Flyball, 9LD, EV 92.5 MPH), Distance : 347 ft
|
|
Batting: LHB Hector Pedroso
|
0-0: Ball 1-0: Ball 2-0: SOLO HOME RUN (Flyball, 9D, EV 92.5 MPH), Distance : 365 ft
|
|
Batting: RHB Paul Word
|
0-0: Called Strike 0-1: SOLO HOME RUN (Flyball, 7D, EV 101.3 MPH), Distance : 384 ft
|
|
Batting: RHB Chad Manning
|
0-0: Ball 1-0: Called Strike 1-1: Ball 2-1: Ball 3-1: Base on Balls
|
|
Batting: RHB Justin Ganey
|
0-0: Ball 1-0: Swinging Strike 1-1: Ball 2-1: Foul Ball, location: 2F 2-2: Foul Ball, location: 2F 2-2: Strikes out looking
|
|
Batting: RHB Drtian Thaqi
|
0-0: Called Strike 0-1: Foul Ball, location: 2F 0-2: Ball 1-2: Strikes out swinging
|
|
Batting: LHB Kyle Schaible
|
0-0: Ball 1-0: Swinging Strike 1-1: Swinging Strike 1-2: Strikes out swinging
|
| Bottom of the 5th over - 3 runs, 3 hits, 0 errors, 1 left on base; Texas 6 - Cleveland 3 |
| TOP OF THE 6TH |
|
Texas Rangers batting - Pitching for Cleveland Indians : RHP Chris McCown
|
|
Batting: LHB Johan de Vries
|
0-0: Swinging Strike 0-1: DOUBLE (Line Drive, 7LM, EV 108.8 MPH)
|
|
Batting: SHB Vince Ealy
|
0-0: Ball 1-0: Ball 2-0: Fly out, F7 (Flyball, 78S, EV 97.5 MPH)
|
|
Batting: RHB Edwin Madrid
|
0-0: Ball 1-0: Swinging Strike 1-1: Ball 2-1: Called Strike 2-2: Ball 3-2: DOUBLE (Line Drive, 9LM, EV 106.9 MPH) Johan de Vries scores
|
|
Batting: RHB Casey Semenza
|
0-0: Ball 1-0: Ground out 6-3 (Groundball, 56, EV 98.1 MPH)
|
|
Batting: RHB Alex Sandoval
|
0-0: Ball 1-0: Ball 2-0: Foul Ball, location: 2F 2-1: Foul Ball, location: 2F 2-2: Foul Ball, location: 2F 2-2: Ball 3-2: Foul Ball, location: 2F 3-2: Foul Ball, location: 2F 3-2: Foul Ball, location: 2F 3-2: Foul Ball, location: 2F 3-2: Foul Ball, location: 2F 3-2: DOUBLE (Groundball, 3L, EV 96.3 MPH) Edwin Madrid scores
|
|
Pitching: RHP Justin Finch
|
|
|
Batting: RHB Rich Stinson
|
0-0: Ball 1-0: Fly out, F8 (Flyball, 8RD, EV 90.6 MPH)
|
| Top of the 6th over - 2 runs, 3 hits, 0 errors, 1 left on base; Texas 8 - Cleveland 3 |
| BOTTOM OF THE 6TH |
|
Cleveland Indians batting - Pitching for Texas Rangers : RHP Kelly Goosecock
|
|
Batting: SHB Moe Lester
|
0-0: Ball 1-0: Fly out, F8 (Flyball, 8LM, EV 80.0 MPH)
|
|
Batting: LHB Arvin Dungca
|
0-0: Ball 1-0: Ball 2-0: Called Strike 2-1: Ball 3-1: Base on Balls
|
|
Batting: SHB Dan Hill
|
0-0: Called Strike 0-1: Ball 1-1: Grounds into double play, 4-6-3 (Groundball, 4, EV 80.6 MPH)
|
| Bottom of the 6th over - 0 runs, 0 hits, 0 errors, 0 left on base; Texas 8 - Cleveland 3 |
| TOP OF THE 7TH |
|
Texas Rangers batting - Pitching for Cleveland Indians : RHP Justin Finch
|
|
Batting: RHB David Casas
|
0-0: Called Strike 0-1: SINGLE (Line Drive, 8LS, EV 108.8 MPH)
|
|
Batting: LHB Da Vo
|
0-0: Ball 1-0: Ball 2-0: Ball 3-0: Called Strike 3-1: Fly out, F8 (Flyball, 8RD, EV 80.6 MPH)
|
|
Batting: LHB Cody Schumacher
|
0-0: Ball David Casas steals 2nd base 1-0: Called Strike 1-1: Ball 2-1: Foul Ball, location: 2F 2-2: Ball 3-2: Ground out 6-3 (Groundball, 6, EV 86.3 MPH) David Casas to third
|
|
Batting: LHB Johan de Vries
|
0-0: Ball 1-0: Called Strike 1-1: Foul Ball, location: 2F 1-2: Foul Ball, location: 2F 1-2: Strikes out looking
|
| Top of the 7th over - 0 runs, 1 hit, 0 errors, 1 left on base; Texas 8 - Cleveland 3 |
| BOTTOM OF THE 7TH |
|
Cleveland Indians batting - Pitching for Texas Rangers : RHP Kelly Goosecock
|
|
Batting: LHB Hector Pedroso
|
0-0: Ball 1-0: DOUBLE (Line Drive, 9LM, EV 110.6 MPH)
|
|
Batting: RHB Paul Word
|
0-0: Ball 1-0: Called Strike Hector Pedroso steals 3rd base 1-1: DOUBLE (Line Drive, 89M, EV 101.3 MPH) Hector Pedroso scores
|
|
Batting: RHB Chad Manning
|
0-0: Foul Ball, location: 2F 0-1: Ball 1-1: Swinging Strike 1-2: Ground out 5-3 (Groundball, 56, EV 78.1 MPH)
|
|
Batting: RHB Justin Ganey
|
0-0: Called Strike 0-1: Ball 1-1: Ball 2-1: Called Strike 2-2: Fly out, F7 (Flyball, 7LM, EV 93.8 MPH)
|
|
Pitching: RHP Troy Baker
|
|
|
Batting: RHB Drtian Thaqi
|
0-0: Foul Ball, location: 2F 0-1: Called Strike 0-2: Ball 1-2: Ground out 1-3 (Groundball, 15S, EV 70.0 MPH)
|
| Bottom of the 7th over - 1 run, 2 hits, 0 errors, 1 left on base; Texas 8 - Cleveland 4 |
| TOP OF THE 8TH |
|
Texas Rangers batting - Pitching for Cleveland Indians : RHP Justin Finch
|
|
Pitching: RHP Jay Woodall
|
|
|
Batting: SHB Vince Ealy
|
0-0: Ball 1-0: Ball 2-0: Fly out, F8 (Flyball, 8RM, EV 83.8 MPH)
|
|
Batting: RHB Edwin Madrid
|
0-0: Ball 1-0: SINGLE (Groundball, 56D, EV 99.4 MPH)
|
|
Batting: RHB Casey Semenza
|
0-0: Called Strike 0-1: Called Strike Edwin Madrid steals 2nd base 0-2: Ball 1-2: SINGLE (Groundball, 56S, EV 69.4 MPH) (infield hit) Edwin Madrid to third
|
|
Batting: RHB Alex Sandoval
|
0-0: Called Strike Casey Semenza steals 2nd base 0-1: Ground out 1-3 (Groundball, P, EV 70.0 MPH)
|
|
Batting: RHB Rich Stinson
|
0-0: Reached on error, E4 (Groundball, 4M, EV 93.8 MPH) Edwin Madrid scores Casey Semenza to third
|
|
Batting: RHB David Casas
|
0-0: Ball 1-0: Called Strike 1-1: Ball 2-1: Foul Ball, location: 2F 2-2: Foul Ball, location: 2F 2-2: Ball Rich Stinson steals 2nd base 3-2: Fly out, F4 (Popup, 4, EV 51.3 MPH)
|
| Top of the 8th over - 1 run, 2 hits, 1 error, 2 left on base; Texas 9 - Cleveland 4 |
| BOTTOM OF THE 8TH |
|
Cleveland Indians batting - Pitching for Texas Rangers : RHP Troy Baker
|
|
Batting: LHB Kyle Schaible
|
0-0: Ball 1-0: Called Strike 1-1: DOUBLE (Line Drive, 89XD, EV 104.4 MPH)
|
|
Batting: SHB Moe Lester
|
0-0: Ball 1-0: Ball 2-0: Ball 3-0: Called Strike 3-1: Base on Balls
|
|
Batting: LHB Arvin Dungca
|
0-0: Called Strike 0-1: Ball 1-1: Called Strike 1-2: Ball 2-2: 3-RUN HOME RUN (Flyball, 9LD, EV 96.3 MPH), Distance : 348 ft
|
|
Pitching: RHP Kyle Curve
|
|
|
Batting: SHB Dan Hill
|
0-0: Ground out 6-3 (Groundball, 6, EV 109.4 MPH)
|
|
Batting: LHB Hector Pedroso
|
0-0: Called Strike 0-1: Foul Ball, location: 2F 0-2: Foul Ball, location: 2F 0-2: Ball 1-2: Ball 2-2: Fly out, F2 (Popup, 23F, EV 75.0 MPH)
|
|
Batting: RHB Paul Word
|
0-0: Ball 1-0: Foul Ball, location: 2F 1-1: Swinging Strike 1-2: Strikes out looking
|
| Bottom of the 8th over - 3 runs, 2 hits, 0 errors, 0 left on base; Texas 9 - Cleveland 7 |
| TOP OF THE 9TH |
|
Texas Rangers batting - Pitching for Cleveland Indians : RHP Jay Woodall
|
|
Pitching: RHP Arturo Naranjo
|
|
|
Batting: LHB Da Vo
|
0-0: Ball 1-0: Ground out 5-3 (Groundball, 56, EV 86.3 MPH)
|
|
Batting: LHB Cody Schumacher
|
0-0: Called Strike 0-1: Ball 1-1: SOLO HOME RUN (Line Drive, 89XD, EV 102.5 MPH), Distance : 400 ft
|
|
Batting: LHB Johan de Vries
|
0-0: Called Strike 0-1: Ball 1-1: Ball 2-1: Called Strike 2-2: Foul Ball, location: 2F 2-2: Strikes out swinging
|
|
Batting: SHB Vince Ealy
|
0-0: Fly out, F8 (Flyball, 78M, EV 86.9 MPH)
|
| Top of the 9th over - 1 run, 1 hit, 0 errors, 0 left on base; Texas 10 - Cleveland 7 |
| BOTTOM OF THE 9TH |
|
Cleveland Indians batting - Pitching for Texas Rangers : RHP Kyle Curve
|
|
Batting: RHB Chad Manning
|
0-0: Ball 1-0: Called Strike 1-1: Swinging Strike 1-2: Foul Ball, location: 2F 1-2: Strikes out looking
|
|
Pinch Hitting: LHB Fernando Campos
|
0-0: Ball 1-0: Foul Ball, location: 2F 1-1: Swinging Strike 1-2: Strikes out swinging
|
|
Batting: RHB Drtian Thaqi
|
0-0: Ball 1-0: Ball 2-0: Foul Ball, location: 2F 2-1: Foul Ball, location: 2F 2-2: Ball 3-2: Strikes out swinging
|
| Bottom of the 9th over - 0 runs, 0 hits, 0 errors, 0 left on base; Texas 10 - Cleveland 7 |
|